EVO
UCLA BRUINS @ UNIVERSITY OF SOUTH CAROLINA GAMECOCKS
09/08/2047
 
TOP OF THE 1ST
UCLA Bruins batting - Pitching for University of South Carolina Gamecocks : RHP Chris Kenny
Pitching: RHP Chris Kenny
Batting: LHB Luis Ortegon 0-0: Called Strike
0-1: SINGLE (Line Drive, 89S, EV 102.5 MPH)
Batting: RHB Ken Hillman 0-0: Ball
1-0: Called Strike
1-1: Foul Ball, location: 2F
1-2: Ball
2-2: Foul Ball, location: 2F
2-2: Ball
3-2: Strikes out looking
Batting: SHB Sean Munns 0-0: Called Strike
0-1: Ball
1-1: Ball
2-1: Ball
3-1: Called Strike
3-2: Strikes out looking
Batting: RHB Andy Knerr 0-0: Fly out, F7 (Line Drive, 78M, EV 101.9 MPH)
Top of the 1st over - 0 runs, 1 hit, 0 errors, 1 left on base; UCLA 0 - University of South Carolina 0
BOTTOM OF THE 1ST
University of South Carolina Gamecocks batting - Pitching for UCLA Bruins : LHP Tyler Finn
Pitching: LHP Tyler Finn
Batting: LHB Chris McNay 0-0: SINGLE (Line Drive, 78S, EV 94.4 MPH)
Batting: LHB Bert Webster 0-0: Called Strike
0-1: Ball
1-1: Ball
2-1: Ball
3-1: Base on Balls
Chris McNay to second
Batting: SHB Keith Mihas 0-0: Ball
1-0: Foul Ball, location: 2F
1-1: Called Strike
1-2: 3-RUN HOME RUN (Flyball, 78XD, EV 108.8 MPH), Distance : 415 ft
Batting: RHB Brian Passalacqua 0-0: Ground out 4-3 (Groundball, 34D, EV 80.0 MPH)
Batting: RHB Phil Hanley 0-0: Ball
1-0: Called Strike
1-1: Foul Ball, location: 2F
1-2: Ball
2-2: Ball
3-2: SOLO HOME RUN (Flyball, 8RXD, EV 117.5 MPH), Distance : 467 ft
Batting: RHB Jeff Swanson 0-0: Called Strike
0-1: Ground out 4-3 (Groundball, 4, EV 106.2 MPH)
Batting: RHB Ben Turner 0-0: Foul Ball, location: 2F
0-1: Foul Ball, location: 2F
0-2: Ball
1-2: DOUBLE (Groundball, 5L, EV 110.0 MPH)
Batting: RHB Keith Lynch 0-0: Ball
1-0: Called Strike
1-1: Ball
2-1: Ball
3-1: Fly out, F8 (Flyball, 8RM, EV 91.9 MPH)
Bottom of the 1st over - 4 runs, 4 hits, 0 errors, 1 left on base; UCLA 0 - University of South Carolina 4
TOP OF THE 2ND
UCLA Bruins batting - Pitching for University of South Carolina Gamecocks : RHP Chris Kenny
Batting: RHB Issac Konol 0-0: Ground out U3 (Groundball, 34S, EV 90.0 MPH)
Batting: LHB Mark Cummings 0-0: Ball
1-0: Foul Ball, location: 2F
1-1: Fly out, F7 (Line Drive, 7S, EV 93.8 MPH)
Batting: RHB Dave Spradley 0-0: Swinging Strike
0-1: Foul Ball, location: 2F
0-2: Foul Ball, location: 2F
0-2: Foul Ball, location: 2F
0-2: Foul Ball, location: 2F
0-2: Strikes out swinging
Top of the 2nd over - 0 runs, 0 hits, 0 errors, 0 left on base; UCLA 0 - University of South Carolina 4
BOTTOM OF THE 2ND
University of South Carolina Gamecocks batting - Pitching for UCLA Bruins : LHP Tyler Finn
Batting: LHB Jörg Young 0-0: Foul Ball, location: 2F
0-1: Ball
1-1: Ball
2-1: Called Strike
2-2: Ground out 6-3 (Groundball, 6S, EV 91.9 MPH)
Batting: LHB Chris McNay 0-0: Ball
1-0: Swinging Strike
1-1: Called Strike
1-2: Foul Ball, location: 2F
1-2: Strikes out swinging
Batting: LHB Bert Webster 0-0: Ball
1-0: Called Strike
1-1: SINGLE (Groundball, 6MS, EV 73.8 MPH) (infield hit)
Batting: SHB Keith Mihas 0-0: Ball
1-0: Called Strike
1-1: Ball
2-1: Swinging Strike
2-2: Ball
3-2: Fly out, F8 (Flyball, BS6, EV 94.4 MPH)
Bottom of the 2nd over - 0 runs, 1 hit, 0 errors, 1 left on base; UCLA 0 - University of South Carolina 4
TOP OF THE 3RD
UCLA Bruins batting - Pitching for University of South Carolina Gamecocks : RHP Chris Kenny
Batting: SHB Dan Trainer 0-0: Ball
1-0: Foul Ball, location: 2F
1-1: Swinging Strike
1-2: Strikes out looking
Batting: RHB Michael Alvarado 0-0: Ball
1-0: Ball
2-0: Foul Ball, location: 2F
2-1: Ground out U3 (Groundball, 3, EV 109.4 MPH)
Batting: LHB Luis Ortegon 0-0: Called Strike
0-1: Ball
1-1: Ball
2-1: Ball
3-1: Base on Balls
Batting: RHB Ken Hillman 0-0: Ball
1-0: Fly out, F6 (Popup, 6M, EV 71.9 MPH)
Top of the 3rd over - 0 runs, 0 hits, 0 errors, 1 left on base; UCLA 0 - University of South Carolina 4
BOTTOM OF THE 3RD
University of South Carolina Gamecocks batting - Pitching for UCLA Bruins : LHP Tyler Finn
Batting: RHB Brian Passalacqua 0-0: Called Strike
0-1: Ball
1-1: Called Strike
1-2: Foul Ball, location: 2F
1-2: Ball
2-2: Strikes out swinging
Batting: RHB Phil Hanley 0-0: Swinging Strike
0-1: Ball
1-1: Fly out, F9 (Flyball, 89S, EV 89.4 MPH)
Batting: RHB Jeff Swanson 0-0: Called Strike
0-1: Ball
1-1: Ball
2-1: Foul Ball, location: 2F
2-2: Fly out, F8 (Flyball, 8LM, EV 88.1 MPH)
Bottom of the 3rd over - 0 runs, 0 hits, 0 errors, 0 left on base; UCLA 0 - University of South Carolina 4
TOP OF THE 4TH
UCLA Bruins batting - Pitching for University of South Carolina Gamecocks : RHP Chris Kenny
Batting: SHB Sean Munns 0-0: Reached on error, E4 (Groundball, 4S, EV 85.6 MPH)
Batting: RHB Andy Knerr 0-0: Foul Ball, location: 2F
0-1: Ball
1-1: Fielders Choice at 2nd, 5-4 (Groundball, 56, EV 110.0 MPH)
Batting: RHB Issac Konol 0-0: Called Strike
0-1: Called Strike
0-2: Ball
1-2: Ball
2-2: SINGLE (Groundball, 6MD, EV 94.4 MPH)
Andy Knerr to second
Batting: LHB Mark Cummings 0-0: Foul Ball, location: 2F
0-1: Ball
1-1: Ball
2-1: SINGLE (Groundball, 6S, EV 66.9 MPH) (infield hit)
Andy Knerr to third
Issac Konol to second
Batting: RHB Dave Spradley 0-0: Ball
1-0: Ball
2-0: Called Strike
2-1: Ball
3-1: Base on Balls
Andy Knerr scores
Issac Konol to third
Mark Cummings to second
Batting: SHB Dan Trainer 0-0: Called Strike
0-1: Ball
1-1: Swinging Strike
1-2: SINGLE (Groundball, 25, EV 72.5 MPH) (infield hit)
Issac Konol scores
Mark Cummings to third
Dave Spradley to second
Batting: RHB Michael Alvarado 0-0: Ball
1-0: Ball
2-0: Called Strike
2-1: Foul Ball, location: 2F
2-2: Strikes out swinging
Batting: LHB Luis Ortegon 0-0: Ball
1-0: Ball
2-0: Reached on error, E4 (Groundball, 4D, EV 106.9 MPH)
Mark Cummings scores
Dave Spradley scores
Dan Trainer to third
Batting: RHB Ken Hillman 0-0: Ball
1-0: Ball
2-0: Swinging Strike
2-1: Foul Ball, location: 2F
2-2: Foul Ball, location: 2F
2-2: Ball
3-2: Base on Balls
Batting: SHB Sean Munns 0-0: Swinging Strike
0-1: Fly out, F8 (Flyball, 89S, EV 90.0 MPH)
Top of the 4th over - 4 runs, 3 hits, 2 errors, 3 left on base; UCLA 4 - University of South Carolina 4
BOTTOM OF THE 4TH
University of South Carolina Gamecocks batting - Pitching for UCLA Bruins : LHP Tyler Finn
Batting: RHB Ben Turner 0-0: Ball
1-0: Called Strike
1-1: Swinging Strike
1-2: Foul Ball, location: 2F
1-2: Strikes out looking
Batting: RHB Keith Lynch 0-0: Ground out 3-1 (Groundball, 34, EV 104.4 MPH)
Batting: LHB Jörg Young 0-0: Foul Ball, location: 2F
0-1: Called Strike
0-2: Strikes out looking
Bottom of the 4th over - 0 runs, 0 hits, 0 errors, 0 left on base; UCLA 4 - University of South Carolina 4
TOP OF THE 5TH
UCLA Bruins batting - Pitching for University of South Carolina Gamecocks : RHP Chris Kenny
Pitching: RHP Carey Yarn
Batting: RHB Andy Knerr 0-0: Called Strike
0-1: Ball
1-1: Ball
2-1: Ground out 6-3 (Groundball, 6, EV 101.9 MPH)
Batting: RHB Issac Konol 0-0: Called Strike
0-1: Ground out 5-3 (Groundball, 56S, EV 85.6 MPH)
Batting: LHB Mark Cummings 0-0: Called Strike
0-1: Ball
1-1: Ball
2-1: SINGLE (Line Drive, 78M, EV 99.4 MPH)
Batting: RHB Dave Spradley 0-0: Fly out, F9 (Flyball, 9LS, EV 77.5 MPH)
Top of the 5th over - 0 runs, 1 hit, 0 errors, 1 left on base; UCLA 4 - University of South Carolina 4
BOTTOM OF THE 5TH
University of South Carolina Gamecocks batting - Pitching for UCLA Bruins : LHP Tyler Finn
Batting: LHB Chris McNay 0-0: DOUBLE (Groundball, 3L, EV 106.9 MPH)
Batting: LHB Bert Webster 0-0: Ball
1-0: Ball
2-0: Ball
3-0: Called Strike
3-1: Fly out, F9 (Flyball, 9, EV 91.2 MPH)
Batting: SHB Keith Mihas 0-0: Ground out 5-3 (Groundball, 56S, EV 72.5 MPH)
Chris McNay to third
Batting: RHB Brian Passalacqua 0-0: Called Strike
0-1: SINGLE (Groundball, 34D, EV 103.1 MPH)
Chris McNay scores
Pitching: RHP Juan Zatarain
Batting: RHB Phil Hanley 0-0: Called Strike
0-1: Ground out 4-3 (Groundball, 34, EV 80.0 MPH)
Bottom of the 5th over - 1 run, 2 hits, 0 errors, 1 left on base; UCLA 4 - University of South Carolina 5
TOP OF THE 6TH
UCLA Bruins batting - Pitching for University of South Carolina Gamecocks : RHP Carey Yarn
Batting: SHB Dan Trainer 0-0: Called Strike
0-1: Ball
1-1: Ball
2-1: Ball
3-1: Swinging Strike
3-2: Strikes out swinging
Batting: RHB Michael Alvarado 0-0: Ball
1-0: Ground out 6-3 (Groundball, 6, EV 90.6 MPH)
Batting: LHB Luis Ortegon 0-0: Foul Ball, location: 2F
0-1: Ground out 5-3 (Groundball, 5, EV 90.0 MPH)
Top of the 6th over - 0 runs, 0 hits, 0 errors, 0 left on base; UCLA 4 - University of South Carolina 5
BOTTOM OF THE 6TH
University of South Carolina Gamecocks batting - Pitching for UCLA Bruins : RHP Juan Zatarain
Batting: RHB Jeff Swanson 0-0: Foul Ball, location: 2F
0-1: Ground out 6-3 (Groundball, 6, EV 90.6 MPH)
Batting: RHB Ben Turner 0-0: Ball
1-0: Called Strike
1-1: DOUBLE (Flyball, 89XD, EV 103.1 MPH)
Batting: RHB Keith Lynch 0-0: Ball
1-0: Foul Ball, location: 2F
1-1: Ground out U3 (Groundball, 34, EV 101.9 MPH)
Ben Turner to third
Batting: LHB Jörg Young 0-0: Swinging Strike
0-1: Swinging Strike
0-2: Ball
1-2: Strikes out swinging
Bottom of the 6th over - 0 runs, 1 hit, 0 errors, 1 left on base; UCLA 4 - University of South Carolina 5
TOP OF THE 7TH
UCLA Bruins batting - Pitching for University of South Carolina Gamecocks : RHP Carey Yarn
Pitching: RHP Jop van Grootveld
Pinch Hitting: SHB Mike Beck 0-0: Called Strike
0-1: Called Strike
0-2: Ball
1-2: Foul Ball, location: 2F
1-2: Ball
2-2: Ground out 6-3 (Groundball, 6, EV 85.0 MPH)
Batting: SHB Sean Munns 0-0: Called Strike
0-1: Foul Ball, location: 2F
0-2: Ball
1-2: Ball
2-2: Fly out, F2 (Popup, 25F, EV 91.9 MPH)
Batting: RHB Andy Knerr 0-0: Called Strike
0-1: Ball
1-1: Fly out, F9 (Line Drive, 9S, EV 88.1 MPH)
Top of the 7th over - 0 runs, 0 hits, 0 errors, 0 left on base; UCLA 4 - University of South Carolina 5
BOTTOM OF THE 7TH
University of South Carolina Gamecocks batting - Pitching for UCLA Bruins : RHP Juan Zatarain
Pitching: LHP Joe Landgraff
Now at 3B: Mike Beck
Batting: LHB Chris McNay 0-0: Ball
1-0: Fly out, F8 (Flyball, 8LM, EV 91.2 MPH)
Batting: LHB Bert Webster 0-0: Ball
1-0: Called Strike
1-1: SINGLE (Line Drive, 6M, EV 104.4 MPH)
Batting: SHB Keith Mihas 0-0: Ball
Pickoff Throw to First - Out! 1-3
1-0: Foul Ball, location: 2F
1-1: Swinging Strike
1-2: Ball
2-2: Ball
3-2: Base on Balls
Batting: RHB Brian Passalacqua 0-0: Called Strike
0-1: Fielders Choice at 2nd, 6-4 (Groundball, 6, EV 87.5 MPH)
Bottom of the 7th over - 0 runs, 1 hit, 0 errors, 1 left on base; UCLA 4 - University of South Carolina 5
TOP OF THE 8TH
UCLA Bruins batting - Pitching for University of South Carolina Gamecocks : RHP Jop van Grootveld
Batting: RHB Issac Konol 0-0: Foul Ball, location: 2F
0-1: SINGLE (Flyball, 89S, EV 94.4 MPH)
Pitching: RHP Bob Conway
Batting: LHB Mark Cummings 0-0: Ball
1-0: Ball
2-0: Ball
3-0: Called Strike
3-1: SINGLE (Groundball, 4MS, EV 70.6 MPH) (infield hit)
Issac Konol to second
Batting: LHB Scott Mullett 0-0: Called Strike
0-1: Grounds into double play, 6-4-3 (Groundball, 6, EV 101.2 MPH)
Issac Konol to third
Batting: SHB Dan Trainer 0-0: Ball
1-0: SINGLE (Line Drive, 4D, EV 103.8 MPH)
Issac Konol scores
Batting: RHB Michael Alvarado 0-0: Ground out 5-3 (Groundball, 56S, EV 70.6 MPH)
Top of the 8th over - 1 run, 3 hits, 0 errors, 1 left on base; UCLA 5 - University of South Carolina 5
BOTTOM OF THE 8TH
University of South Carolina Gamecocks batting - Pitching for UCLA Bruins : LHP Joe Landgraff
Batting: RHB Phil Hanley 0-0: Foul Ball, location: 2F
0-1: Fly out, F8 (Flyball, 8RD, EV 78.8 MPH)
Batting: RHB Jeff Swanson 0-0: Called Strike
0-1: Ground out 6-3 (Groundball, 6, EV 101.9 MPH)
Batting: RHB Ben Turner 0-0: Ball
1-0: Fly out, F9 (Flyball, 9D, EV 107.5 MPH)
Bottom of the 8th over - 0 runs, 0 hits, 0 errors, 0 left on base; UCLA 5 - University of South Carolina 5
TOP OF THE 9TH
UCLA Bruins batting - Pitching for University of South Carolina Gamecocks : RHP Bob Conway
Batting: LHB Luis Ortegon 0-0: Called Strike
0-1: SINGLE (Line Drive, 8RS, EV 91.9 MPH)
Batting: SHB Mike Beck 0-0: Foul Ball, location: 2F
0-1: SINGLE (Groundball, 56D, EV 101.9 MPH)
Luis Ortegon to second
Batting: SHB Sean Munns 0-0: Fly out, F6 (Popup, 6MD, EV 58.8 MPH)
Batting: RHB Andy Knerr 0-0: Ball
1-0: Ball
2-0: Ball
3-0: Base on Balls
Luis Ortegon to third
Mike Beck to second
Batting: RHB Issac Konol 0-0: Foul Ball, location: 2F
0-1: Ball
1-1: Swinging Strike
1-2: Foul Ball, location: 2F
1-2: Strikes out swinging
Batting: LHB Mark Cummings 0-0: Swinging Strike
0-1: Fly out, F9 (Flyball, 9, EV 87.5 MPH)
Top of the 9th over - 0 runs, 2 hits, 0 errors, 3 left on base; UCLA 5 - University of South Carolina 5
BOTTOM OF THE 9TH
University of South Carolina Gamecocks batting - Pitching for UCLA Bruins : LHP Joe Landgraff
Pitching: RHP Kyle Mann
Pinch Hitting: LHB David Fowler 0-0: Swinging Strike
0-1: Swinging Strike
0-2: Fly out, F8 (Flyball, 8LS, EV 91.9 MPH)
Batting: LHB Jörg Young 0-0: Called Strike
0-1: Ground out 3-1 (Groundball, 34S, EV 66.2 MPH)
Batting: LHB Chris McNay 0-0: Foul Ball, location: 2F
0-1: Foul Ball, location: 2F
0-2: Foul Ball, location: 2F
0-2: Ball
1-2: SINGLE (Groundball, 6M, EV 108.1 MPH) (infield hit)
Batting: LHB Bert Webster 0-0: SINGLE (Line Drive, 78S, EV 103.8 MPH)
Chris McNay to second
Runner from 2nd tries for 3rd, SAFE, no throw by LF
Batting: SHB Keith Mihas 0-0: Swinging Strike
0-1: Ball
1-1: Ball
2-1: Foul Ball, location: 2F
2-2: Foul Ball, location: 2F
2-2: Strikes out swinging
Bottom of the 9th over - 0 runs, 2 hits, 0 errors, 2 left on base; UCLA 5 - University of South Carolina 5
TOP OF THE 10TH
UCLA Bruins batting - Pitching for University of South Carolina Gamecocks : RHP Bob Conway
Pitching: RHP Nelson Knopp
Now in RF: David Fowler
Batting: LHB Scott Mullett 0-0: Foul Ball, location: 2F
0-1: Ball
1-1: DOUBLE (Groundball, 5L, EV 105.0 MPH)
Batting: SHB Dan Trainer 0-0: Intentional Walk
Batting: RHB Michael Alvarado 0-0: Called Strike
0-1: SINGLE (Line Drive, 89S, EV 98.1 MPH)
Scott Mullett to third
Dan Trainer to second
Batting: LHB Luis Ortegon 0-0: Called Strike
0-1: Foul Ball, location: 2F
0-2: Strikes out swinging
Batting: SHB Mike Beck 0-0: Called Strike
0-1: Called Strike
0-2: Strikes out swinging
Batting: SHB Sean Munns 0-0: Called Strike
0-1: Foul Ball, location: 2F
0-2: DOUBLE (Flyball, 89XD, EV 100.6 MPH)
Scott Mullett scores
Dan Trainer scores
Michael Alvarado to third
Runner from 3rd tries for Home, SAFE, no throw by CF
Batting: RHB Andy Knerr 0-0: Fly out, F7 (Line Drive, 7, EV 89.4 MPH)
Top of the 10th over - 3 runs, 3 hits, 0 errors, 1 left on base; UCLA 8 - University of South Carolina 5
BOTTOM OF THE 10TH
University of South Carolina Gamecocks batting - Pitching for UCLA Bruins : RHP Kyle Mann
Batting: RHB Brian Passalacqua 0-0: Ball
1-0: Called Strike
1-1: Foul Ball, location: 2F
1-2: Fly out, F8 (Flyball, 8RM, EV 90.6 MPH)
Batting: RHB Phil Hanley 0-0: Foul Ball, location: 2F
0-1: Reached on error, E5 (Groundball, 56, EV 86.2 MPH)
Batting: RHB Jeff Swanson 0-0: Ball
1-0: Ball
2-0: Fly out, F9 (Line Drive, 9, EV 90.6 MPH)
Batting: RHB Ben Turner 0-0: Foul Ball, location: 2F
0-1: Ground out 6-3 (Groundball, 6, EV 80.6 MPH)
Bottom of the 10th over - 0 runs, 0 hits, 1 error, 1 left on base; UCLA 8 - University of South Carolina 5
Thursday, December 15th , 2022 - OOTP Baseball 23.9 Build 102